 Dungeon Sprint DCSS version 0.26-a0-639-g72c4674329 (webtiles) character file.

Game seed: 1086080935825900966

2141 HoaS the Cruncher (level 9, -4/62 HPs)
             Began as a Gargoyle Gladiator on Sept 25, 2020.
             Was an Initiate of Makhleb.
             Slain by Sonja
             ... wielding a +1 short sword of distortion
              (15 damage)
             ... in the Dungeon (Sprint I: "Red Sonja").
             The game lasted 00:05:26 (1074 turns).

HoaS the Cruncher (Gargoyle Gladiator)              Turns: 1074, Time: 00:05:27

Health: -4/62      AC: 22    Str: 22    XL:     9   Next: 30%
Magic:  9/9        EV: 10    Int:  8    God:    Makhleb [......]
Gold:   522        SH:  0    Dex: 11    Spells: 8/8 levels left

rFire    . . .     SeeInvis .   a - +0 quarterstaff
rCold    . . .     Faith    .   (shield currently unavailable)
rNeg     + . .     Spirit   .   e - +0 plate armour
rPois    ∞         Reflect  .   c - +0 helmet
rElec    +         Harm     .   (no cloak)
rCorr    .         Rampage  .   (no gloves)
MR       .....     NoTele   +   (no boots)
Stlth    ..........             (no amulet)
HPRegen  0.20/turn              (no ring)
MPRegen  0.11/turn              (no ring)

@: no status effects
A: negative energy resistance 1, electricity resistance, unbreathing,
petrification resistance, rot immunity, AC +6
a: Renounce Religion


You were in the Dungeon.
You worshipped Makhleb.
Makhleb was noncommittal.
You visited 1 branch You collected 522 gold pieces.

Inventory:

Hand Weapons
 a - a +0 quarterstaff (weapon)
Missiles
 d - 3 throwing nets (quivered)
Armour
 c - a +0 helmet (worn)
 e - a +0 plate armour (worn)
Scrolls
 j - a scroll of blinking
Potions
 b - a potion of lignification
 f - a potion of heal wounds
 h - 2 potions of magic


   Skills:
 + Level 9.8 Fighting
 - Level 14.0 Staves
 - Level 1.7 Throwing
 + Level 9.5 Armour
 + Level 7.8 Dodging


You had 8 spell levels left.
You didn't know any spells.
Your spell library was empty.

Dungeon Overview and Level Annotations

Branches:
Dungeon (1/1)

Altars:
Cheibriados
Dithmenos
Elyvilon
Fedhas
Gozag
Hepliaklqana
Kikubaaqudgha
Makhleb
Nemelex Xobeh
Okawaru
Qazlal
Ru
Sif Muna
Trog
Uskayaw
Vehumet
Wu Jian
Xom
Yredelemnul
Zin
The Shining One
Jiyva
Lugonu

Shops:
D *

Annotations:
D Sonja


Innate Abilities, Weirdness & Mutations

You are resistant to torment.
Your stone body is resilient. (AC +6)
You are immune to poison.
You resist negative energy. (rN+)
You are resistant to electric shocks. (rElec)
You can survive without breathing.
You are immune to petrification.
You are immune to rotting.


Message History

Space bends around you.
You hit Sonja.
Sonja is lightly wounded.
Sonja barely misses you. Sonja hits you but does no damage.
Space bends around you. Sonja hits you but does no damage.
Space warps horribly around you!
You sock Sonja!
Sonja is heavily wounded.
Sonja hits you with a +1 short sword of distortion.
Sonja hits you but does no damage. Space warps horribly around you!!
* * * LOW HITPOINT WARNING * * *
Sonja hits you but does no damage.
You hit Sonja but do no damage.
Sonja is heavily wounded.
You miss Sonja.
Sonja is heavily wounded.
Sonja hits you but does no damage. Space bends around you.
* * * LOW HITPOINT WARNING * * *
Sonja hits you but does no damage. Space warps horribly around you!
You die...

#<.#..)..#..'..#__#..+
#..'[.#..').#..'..'..#
#..#####'#####'#__####
#..####..#...#(####§§####
#..#__####.(##)#§≈§§§#§§#
#..#_____##'#§§§§§≈§.'§§#
#⌠⌠#_.∩...'..§_#≈§§§.#..#
####_..__##K.#+##+#####+#
#_____###@# #########(##
+$.(+ #$.$# ##.## #+#


You could see Sonja.

Vanquished Creatures
  2 centaur warriors (D)
  A hornet (D)
  A slime creature (D)
  A yak (D)
  Sigmund (D)
  An ogre (D)
  A jelly (D)
  Ijyb (D)
9 creatures vanquished.

Notes
Turn   | Place    | Note
-------+----------+-------------------------------------------
     0 | D        | HoaS the Gargoyle Gladiator began the quest for the Orb.
     0 | D        | Reached XP level 1. HP: 12/12 MP: 1/1
     1 | D        | Noticed Ijyb
    24 | D        | Killed Ijyb
    24 | D        | Reached skill level 6 in Staves
    24 | D        | Reached XP level 2. HP: 8/17 MP: 2/2
    24 | D        | Reached XP level 3. HP: 10/21 MP: 3/3
   184 | D        | Noticed an ogre
   188 | D        | Killed an ogre
   188 | D        | Reached skill level 9 in Staves
   188 | D        | Reached XP level 4. HP: 26/26 MP: 4/4
   188 | D        | Reached XP level 5. HP: 30/30 MP: 5/5
   266 | D        | Noticed Sigmund
   287 | D        | Killed Sigmund
   287 | D        | Reached skill level 12 in Staves
   287 | D        | Reached XP level 6. HP: 30/35 MP: 6/6
   301 | D        | Found a shimmering blue altar of Sif Muna.
   302 | D        | Found an ornate altar of the Wu Jian Council.
   314 | D        | Found a radiant altar of Vehumet.
   461 | D        | Found Dauhekes's Assorted Antiques.
   461 | D        | Found an ancient bone altar of Kikubaaqudgha.
   461 | D        | Found a hazy altar of Hepliaklqana.
   461 | D        | Found a stormy altar of Qazlal.
   461 | D        | Found a hide-covered altar of Uskayaw.
   461 | D        | Found a blossoming altar of Fedhas.
   461 | D        | Found a bloodstained altar of Trog.
   461 | D        | Found an iron altar of Okawaru.
   461 | D        | Found a basalt altar of Yredelemnul.
   461 | D        | Found a glowing golden altar of the Shining One.
   461 | D        | Found a snail-covered altar of Cheibriados.
   461 | D        | Found a sacrificial altar of Ru.
   461 | D        | Found a glowing silver altar of Zin.
   461 | D        | Found a shadowy altar of Dithmenos.
   461 | D        | Found a white marble altar of Elyvilon.
   461 | D        | Noticed a yak
   482 | D        | Killed a yak
   482 | D        | Reached skill level 14 in Staves
   482 | D        | Reached skill level 1 in Armour
   482 | D        | Reached XP level 7. HP: 13/40 MP: 7/7
   689 | D        | Found an opulent altar of Gozag.
   690 | D        | Found a sparkling altar of Nemelex Xobeh.
   705 | D        | Noticed a centaur warrior
   705 | D        | Noticed a centaur warrior
   723 | D        | Killed a centaur warrior
   723 | D        | Reached skill level 5 in Dodging
   723 | D        | Reached XP level 8. HP: 42/53 MP: 8/8
   764 | D        | Killed a centaur warrior
   764 | D        | Reached XP level 9. HP: 41/60 MP: 9/9
   855 | D        | Found a burning altar of Makhleb.
   855 | D        | Found a viscous altar of Jiyva.
   855 | D        | Found a shimmering altar of Xom.
   855 | D        | Found a corrupted altar of Lugonu.
   867 | D        | Became a worshipper of Makhleb the Destroyer
   908 | D        | Noticed a hornet
   926 | D        | Killed a hornet
  1060 | D        | Noticed Sonja
  1074 | D        | Slain by Sonja

Illustrated notes

Levels and vault maps discovered:
D:        dungeon_sprint_1 [red_sonja_temple_1, red_sonja_temple_small_1]

Skill      XL: |  1  2  3  4  5  6  7  8  9 |
---------------+----------------------------+-----
Staves         | 6 9 12 14 | 14.0
Armour         | 1 6 8 9 |  9.5
Fighting       | 7 9 |  9.8
Dodging        | 5 7 |  7.8
Throwing       | |  1.7

Action                   |  1- 3 |  4- 6 |  7- 9 || total
-------------------------+-------+-------+-------++-------
Melee: Quarterstaff      |    25 |    41 |    61 ||   127
  Use: Potion            |     1 |     2 |       ||     3
       Scroll            |       |       |     1 ||     1
Armor: Leather armour    |     8 |     3 |       ||    11
       Plate armour      |       |     3 |    43 ||    46
Dodge: Dodged            |     8 |     8 |    11 ||    27

Table legend: (Time is in decaauts)
 A = Elapsed time spent in this place.
 B = Non-inter-level travel time spent in this place.
 C = Inter-level travel time spent in this place.
 D = Time resting spent in this place.
 E = Time spent auto-exploring this place.
 F = Levels seen in this place.
 G = Mean time per level.
                   A        B        C        D        E       F      G
               +--------+--------+--------+--------+--------+-----+--------+
         Total |   1042 |   1042 |      0 |    747 |      0 |   1 | 1042.0 |
       Dungeon |   1042 |   1042 |      0 |    747 |      0 |   1 | 1042.0 |
               +--------+--------+--------+--------+--------+-----+--------+

Top non-repeatable levels by time:
       D: 1042 daAuts
